 Dungeon Crawl Stone Soup version 0.32-a0-685-g93135e86f0 (webtiles) character file.

Game seed: 6369468389655889669

325 Shayle the Apothecary (level 6, 0/41 HPs)
             Began as a Coglin Alchemist on Mar 12, 2024.
             Was an Initiate of Ashenzari.
             Constricted to death by a ball python (1 damage)
             ... in a sewer.
             The game lasted 00:13:24 (4013 turns).

Shayle the Apothecary (Coglin Alchemist)            Turns: 4013, Time: 00:13:32

Health: 0/41       AC:  3    Str:  8    XL:     6   Next: 48%
Magic:  6/10       EV:  3    Int: 17    God:    Ashenzari [......]
Gold:   158        SH:  0    Dex: 14    Spells: 3/11 levels left

rFire   . . .        f - +0 short sword {Hong}
rCold   . . .        h - +0 spear {Ximena}
rNeg    . . .        a - +0 robe
rPois   .            l - +0 helmet
rElec   .            (no cloak)
rCorr   .            (no gloves)
SInv    .            (no boots)
Will    +....        (amulet unavailable)
Stlth   ++           (ring unavailable)
HPRegen 0.26/turn    (ring unavailable)
MPRegen 0.12/turn    (no gizmo)

%: no passive effects
@: lethally poisoned (0 -> -1), enlightened, flying, constricted, invisible,
revved
A: off-hand wielding, slow wielding, warmup strikes, no jewellery
a: Invent Gizmo, Renounce Religion


You were in a sewer.
You worshipped Ashenzari.
Ashenzari was noncommittal.
You visited 2 branches of the dungeon, and saw 5 of its levels.
You also visited: Sewer.

You collected 158 gold pieces.

Inventory:

Hand Weapons
 f - a +0 short sword (weapon) {Hong}
 h - a +0 spear (offhand) {Ximena}
 i - the +3 short sword of Dijipuq {flame, rPois rN+ Will+ Int-4}
   (You found it on level 2 of the Dungeon)

   Int-4:     It affects your intelligence (-4).
   rPois:     It protects you from poison.
   rN+:       It protects you from negative energy.
   Will+:     It increases your willpower.
Missiles
 w - 3 poisoned darts
Armour
 a - a +0 robe (worn)
 l - a +0 helmet (worn)
Wands
 s - a wand of polymorph (9)
Scrolls
 c - a scroll of poison {unknown}
 d - 2 scrolls of fog {unknown}
 e - a scroll of noise {unknown}
 g - a scroll of amnesia {unknown}
 n - 2 scrolls of identify {unknown}
 q - a scroll of immolation {unknown}
 x - a scroll of enchant weapon {unknown}
 y - a scroll of summoning {unknown}
Potions
 b - a potion of magic
 j - 2 potions of might {unknown}
 k - a potion of invisibility
 m - a potion of enlightenment
 o - 2 potions of haste {unknown}
 p - a potion of berserk rage {unknown}
 r - a potion of lignification {unknown}
 t - a potion of curing {unknown}
 u - a potion of heal wounds {unknown}
 v - a potion of brilliance {unknown}
 z - a potion of degeneration {unknown}


   Skills:
 + Level 3.3 Dodging
 - Level 1.5 Stealth
 + Level 3.1 Spellcasting
 + Level 2.8 Conjurations
 + Level 4.8 Alchemy


You had 3 spell levels left.
You knew the following spells:

 Your Spells              Type           Power      Damage    Failure   Level
a - Sting                 Conj/Alch      60%        1d6       3%          1
b - Mephitic Cloud        Conj/Alch/Air  11%        N/A       19%         3
c - Olgreb's Toxic Radia  Alch           19%        N/A       24%         4

Your spell library contained the following spells:

 Spells                   Type           Power      Damage    Failure   Level
 Mercury Vapours          Alch/Air       20%        N/A       10%         2
 Slow                     Hex            8%         N/A       17%         1
 Ensorcelled Hibernation  Hex/Ice        4%         N/A       26%         2
 Confusing Touch          Hex            2%         N/A       45%         3
 Passwall                 Erth           2%         N/A       45%         3
 Swiftness                Air            2%         N/A       45%         3
 Vampiric Draining        Necr           2%         2d6       45%         3
 Sticky Flame             Fire/Alch      10%        2d5       54%         4


Dungeon Overview and Level Annotations

Branches:
Dungeon (4/15)             Temple (1/1) D:4           Sewer (1/1)

Altars:
Ashenzari
Cheibriados
Dithmenos
Elyvilon
Fedhas
Gozag
Hepliaklqana
Kikubaaqudgha
Makhleb
Nemelex Xobeh
Okawaru
Ru
Sif Muna
Trog
Uskayaw
Vehumet
Wu Jian
Xom
Yredelemnul
Zin
The Shining One

Shops:
D:2 =

Annotations:
D:3 Grinder


Innate Abilities, Weirdness & Mutations

You can wield a second weapon in your off-hand.
It takes a long time for you to wield or remove held weapons.
Your first few attacks do less damage.
You cannot equip rings or amulets.


Message History

The bullfrog appears confused.
The bullfrog hits the ball python!
The ball python is killed!
The bullfrog hits you.
The ball python bites you but does no damage.
The ball python constricts you.
The bullfrog is engulfed in noxious fumes.
The bullfrog appears confused.
The bullfrog hits the bullfrog.
The bullfrog hits itself!
You hit the bullfrog but do no damage.
The bullfrog is lightly wounded.
You hit the bullfrog with your +0 short sword.
You feel sick. The bullfrog hits you.
The ball python bites you but does no damage.
The ball python constricts you.
The bullfrog barely misses the bullfrog.
It was a potion of enlightenment.
You feel very buoyant.
You fly up into the air.
You feel sick.
The bullfrog seems less confused.
The bullfrog is engulfed in noxious fumes.
The bullfrog appears confused.
The bullfrog hits the bullfrog!
The ball python bites you but does no damage.
The ball python constricts you. The bullfrog hits you.
* * * LOW HITPOINT WARNING * * *
The bullfrog is engulfed in noxious fumes.
The bullfrog appears confused.
You hit the bullfrog with your +0 short sword.
The bullfrog is severely wounded.
You closely miss the bullfrog with your +0 spear.
You feel sick. The ball python bites you.
* * * LOW HITPOINT WARNING * * *
The ball python constricts you.
The bullfrog hits you but does no damage.
It was a potion of invisibility.
You fade into invisibility!
You feel sick. The bullfrog hits you.
* * * LOW HITPOINT WARNING * * *
The ball python bites you.
* * * LOW HITPOINT WARNING * * *
The ball python constricts you.
You die...

#..S...
#.....
#...~.##
#.~~.~
#~~~#≈≈#
#~~~~≈
#~≈~~≈~#
#≈~≈≈≈
#≈~≈~~≈#
#~~~≈≈
#°J~~~≈#
#≈~~≈~
#≈≈†≈~≈#
#≈~≈~~
#°†#≈≈≈#
#≈≈≈≈~
#F@~≈≈≈#
#≈≈≈~~
#~.S≈≈≈#
#≈..~.
#≈~#≈≈≈#
#≈....
#≈≈~~≈≈#
#≈~~.~
#≈~~~~≈#
#~†≈≈≈
#≈≈~~≈≈#
#~≈~≈≈
#≈~≈~~≈#
#≈††≈≈
#≈≈~~≈≈#
#≈≈≈~~
#≈~~~~~#####
#~≈≈~~


You could see a bullfrog (unable to see you), an endoplasm and a ball python
(unable to see you).

Vanquished Creatures
  A scorpion (D:4)
  A bombardier beetle (D:4)
  Natasha (thrice) (D:3)
  Robin (D:1)
  4 adders
  2 river rats (Sewer)
  2 dart slugs
  A ribbon worm (D:4)
  2 orcs
  3 endoplasms
  3 giant cockroaches (D:2)
  14 goblins
  5 hobgoblins
  5 kobolds
  4 quokkas
  12 ball pythons
  5 bats
  2 frilled lizards
  27 rats
97 creatures vanquished.

Notes
Turn   | Place    | Note
-------+----------+-------------------------------------------
     0 | D:1      | Shayle the Coglin Alchemist began the quest for the Orb.
     0 | D:1      | Reached XP level 1. HP: 13/13 MP: 3/3
    70 | D:1      | Reached skill level 1 in Conjurations
   191 | D:1      | Reached XP level 2. HP: 19/19 MP: 1/4
   900 | D:2      | Identified the +3 short sword of Dijipuq {flame, rPois rN+
                  | Will+ Int-4}
   997 | D:2      | Reached XP level 3. HP: 24/24 MP: 4/6
  1367 | D:2      | Noticed Robin
  1433 | D:1      | Killed Robin
  1505 | D:2      | Reached XP level 4. HP: 29/30 MP: 4/7
  1761 | D:2      | Found Zuss's Jewellery Shop.
  1902 | D:3      | Learned a level 3 spell: Mephitic Cloud
  1905 | D:3      | Reached skill level 4 in Alchemy
  2253 | D:3      | Noticed Natasha
  2263 | D:3      | Killed Natasha
  2449 | D:3      | Noticed Natasha
  2457 | D:3      | Killed Natasha
  2458 | D:3      | Reached XP level 5. HP: 20/35 MP: 0/8
  2607 | D:3      | Noticed Natasha
  2619 | D:3      | Killed Natasha
  2821 | D:3      | Noticed Grinder
  2834 | D:3      | Learned a level 4 spell: Olgreb's Toxic Radiance
  2902 | D:4      | Reached XP level 6. HP: 41/41 MP: 3/10
  3164 | D:4      | Found a staircase to the Ecumenical Temple.
  3173 | Temple   | Entered the Ecumenical Temple
  3231 | Temple   | Became a worshipper of Ashenzari the Shackled
  3384 | D:4      | Found a glowing drain.
  3405 | Sewer    | Entered a sewer
  4013 | Sewer    | HP: 1/41 [ball python (2)]
  4013 | Sewer    | Constricted to death by a ball python

Illustrated notes

Levels and vault maps discovered:
D:1:      spicycebolla_green_bress_n_ham, layout_rooms
D:2:      layout_basic, serial_shops, nicolae_shop_peninsula, uniq_robin
D:3:      layout_basic, serial_shops, nicolae_shop_pleasant_corner_grove,
          grunt_ministairs_15, kennysheep_generic_room_14, uniq_natasha,
          uniq_grinder
D:4:      layout_gridville, minmay_temple_entry_junction,
          cheibrodos_sewer_entry_bend
Temple:   mainiacjoe_temple_trianglar_array
Sewer:    sewer_minmay_w

Skill      XL: |  1  2  3  4  5  6 |
---------------+-------------------+-----
Conjurations   | 1 2 |  2.8
Dodging        | 2 3 |  3.3
Spellcasting   | 2 3 |  3.1
Alchemy        | 4 |  4.8
Stealth        | |  1.5

Action                     |  1- 3 |  4- 6 || total
---------------------------+-------+-------++-------
  Melee: Unarmed           |     9 |       ||     9
         Spear             |    14 |    49 ||    63
         Short sword       |    13 |    32 ||    45
   Cast: Sting             |    59 |    82 ||   141
         Mephitic Cloud    |       |     9 ||     9
    Use: Potion            |       |     2 ||     2
   Stab: Confused          |       |     5 ||     5
         Sleeping          |       |     1 ||     1
 Armour: Robe              |    31 |    41 ||    72
  Dodge: Dodged            |    29 |    32 ||    61

Table legend: (Time is in decaauts)
 A = Elapsed time spent in this place.
 B = Non-inter-level travel time spent in this place.
 C = Inter-level travel time spent in this place.
 D = Time resting spent in this place.
 E = Time spent auto-exploring this place.
 F = Levels seen in this place.
 G = Mean time per level.
                   A        B        C        D        E       F      G
               +--------+--------+--------+--------+--------+-----+--------+
         Total |   4067 |   3877 |    190 |    665 |   2143 |   6 |  677.8 |
       Dungeon |   3311 |   3200 |    111 |    342 |   2128 |   4 |  827.8 |
        Temple |    102 |     23 |     79 |      0 |      0 |   1 |  102.0 |
         Sewer |    653 |    653 |      0 |    323 |     15 |   1 |  653.0 |
               +--------+--------+--------+--------+--------+-----+--------+

Top non-repeatable levels by time:
     D:2: 1014 daAuts
     D:3: 992 daAuts
     D:1: 847 daAuts
   Sewer: 653 daAuts
     D:4: 456 daAuts
  Temple: 102 daAuts
